Workbook

Sheet Sheet1
A1: Due | B1: Actually Done | C1: Read + Summarized | D1: Section | E1: Subsection | F1: Subsubsection | G1: Work
A2: 44242 | B2: -- | D2: Communication Theory | E2: What is Communication? | F2: Definitional Work | G2: Carey, J. W. (1988). A Cultural Approach to Communication. In T. W. Adorno (Ed.), Communication as Culture: Essays on Media and Society (pp. 13–36). Unwin Hyman.
A3: 44242 | B3: -- | D3: Communication Theory | E3: What is Communication? | F3: Definitional Work | G3: Peters, J. D. (1994). The gaps of which communication is made. Critical Studies in Mass Communication, 11(2), 117–140.
A4: 44242 | B4: -- | D4: Communication Theory | E4: What is Communication? | F4: Definitional Work | G4: Peters, J. D. (1999a). Chapter 1: Dialogue and Dissemination. In Speaking into the Air. University of Chicago Press.
A5: 44242 | B5: -- | D5: Communication Theory | E5: What is Communication? | F5: Definitional Work | G5: Peters, J. D. (1999b). Introduction. In Speaking into the Air. University of Chicago Press.
A6: 44242 | B6: -- | D6: Communication Theory | E6: What is Communication? | F6: Historical Accounts and Discipline Overviews | G6: Schramm, W. (1983). The Unique Perspective of Communication: A Retrospective View. Journal of Communication, 33(3), 6–17. https://doi.org/10.1111/j.1460-2466.1983.tb02401.x
A7: 44242 | B7: -- | D7: Communication Theory | E7: What is Communication? | F7: Historical Accounts and Discipline Overviews | G7: Cohen, H. (1985). The Development of Research in Speech Communication: A Historical Perspective. In T. Benson (Ed.), Speech Communication in the 20th Century (pp. 282–298). Southern Illinois University Press.
A8: 44242 | B8: -- | D8: Communication Theory | E8: What is Communication? | F8: Historical Accounts and Discipline Overviews | G8: Condit, C. M. (1990). The birth of understanding: Chaste science and the harlot of the arts. Communication Monographs, 57(4), 323–327. https://doi.org/10.1080/03637759009376207
A9: 44242 | B9: -- | D9: Communication Theory | E9: What is Communication? | F9: Historical Accounts and Discipline Overviews | G9: Peters, J. D. (1993). Genealogical Notes on “The Field.” Journal of Communication, 43(4), 132–139. https://doi.org/10.1111/j.1460-2466.1993.tb01313.x
A10: 44242 | B10: -- | D10: Communication Theory | E10: What is Communication? | F10: Historical Accounts and Discipline Overviews | G10: Rogers, E. M. (1997a). The Chicago School. In A History of Communication Study: A Biographical Approach. (pp. 137–202). Free Press.
A11: 44242 | B11: -- | D11: Communication Theory | E11: What is Communication? | F11: Historical Accounts and Discipline Overviews | G11: Rogers, E. M. (1997b). The Growth of Communication Study in America. In A History of Communication Study: A Biographical Approach. (pp. 128–136). Free Press.
A12: 44242 | B12: -- | D12: Communication Theory | E12: What is Communication? | F12: Historical Accounts and Discipline Overviews | G12: Gehrke, P. J., & Keith, W. M. (2014). Introduction: A Brief History of the National Communication Association. In P. J. Gehrke & W. M. Keith (Eds.), A Century of Communication Studies: The Unfinished Conversation. Routledge.
A13: 44242 | B13: -- | D13: Communication Theory | E13: What is Communication? | F13: Historical Accounts and Discipline Overviews | G13: Gunn, J. E., & Dance, G. J. X. (2014). The Silencing of Speech in the Late Twentieth Century. In P. J. Gehrke & W. M. Keith (Eds.), A Century of Communication Studies: The Unfinished Conversation. Routledge.
A14: 44242 | B14: -- | D14: Communication Theory | E14: What is Communication? | F14: Historical Accounts and Discipline Overviews | G14: Morris, C. E., III, & Palczewski, C. H. (2014). Sexing Communication. In P. J. Gehrke & W. M. Keith (Eds.), A Century of Communication Studies: The Unfinished Conversation. Routledge.
A15: 44242 | B15: -- | D15: Communication Theory | E15: What is Theory? | G15: Burke, K. (1966). 3. Terministic Screens. In Language as Symbolic Action: Essays on Life, Literature, and Method. University of California Press.
A16: 44242 | B16: -- | D16: Communication Theory | E16: What is Theory? | G16: Christian, B. (1988). The Race for Theory. Feminist Studies, 14.
A17: 44242 | B17: -- | D17: Communication Theory | E17: What is Theory? | G17: Edelman, M. (1988a). 1. Some Premises about Politics. In Constructing the Political Spectacle. University of Chicago Press.
A18: 44242 | B18: -- | D18: Communication Theory | E18: What is Theory? | G18: Edelman, M. (1988b). 2. The Construction and Uses of Social Problems. In Constructing the Political Spectacle. University of Chicago Press.
A19: =A16+1 -> 44243 | B19: 44243 | D19: Communication Theory | E19: What is Theory? | G19: Hacking, I. (2000). Why ask what? In The Social Construction of What? Harvard University Press.
A20: =A17+1 -> 44243 | B20: 44243 | D20: Communication Theory | E20: What is Theory? | G20: Miller, J. (2000). Is bad writing necessary? Lingua Franca, 9(9).
A21: 44245 | B21: 44246 | D21: Communication Theory | E21: What is Theory? | G21: Abbot, A. (2004). Methods of Discovery: Heuristics for the Social Sciences. W. W. Norton & Company.
A22: 44243 | B22: 44243 | D22: Communication Theory | E22: What is Theory? | G22: Taylor, C. (2004). 2. What is a Social Imaginary? In Modern Social Imaginaries. Duke University Press.
A23: 44246 | B23: 44246 | D23: Communication Theory | E23: What is Theory? | G23: Snow, C. P. (1959). The Two Cultures.
A24: 44247 | B24: 44248 | C24: 6 chapters | D24: Communication Theory | E24: What is Theory? | F24: [BAD] | G24: Kagan, J. (2009). The three cultures: Natural sciences, social sciences, and the humanities in the 21st century. Cambridge University Press.
A25: 44248 | B25: 44248 | D25: Communication Theory | E25: What is Theory? | G25: Healy, K. (2017). Fuck Nuance. Sociological Theory, 35(2), 118–127. https://doi.org/10.1177/0735275117709046
A26: 44248 | B26: 44255 | D26: Communication Theory | E26: What is Communication Theory? | G26: Anderson, J.A. (1996a). Ch 2. In Communication Theory: Epistemological Foundations (pp. 13–46). The Guilford Press.
A27: 44248 | B27: 44255 | D27: Communication Theory | E27: What is Communication Theory? | G27: Anderson, J.A. (1996b). Ch 8. In Communication Theory: Epistemological Foundations (pp. 186–199). The Guilford Press.
A28: =A25+1 -> 44249 | B28: 44256 | D28: Communication Theory | E28: What is Communication Theory? | G28: Craig, R. T. (1999). Communication Theory as a Field. 9(2), 119–161.
A29: =A26+1 -> 44249 | B29: 44256 | D29: Communication Theory | E29: What is Communication Theory? | G29: Myers, D. (2001). A pox on all compromises: Reply to Craig (1999). Communication Theory, 11(2), 218–230.
A30: =A27+1 -> 44249 | B30: 44256 | D30: Communication Theory | E30: What is Communication Theory? | G30: Craig, R. T. (2001). Minding my metamodel, mending Myers. Communication Theory, 11(2), 231–240.
A31: =A28+1 -> 44250 | B31: 44256 | D31: Communication Theory | E31: What is Communication Theory? | G31: Barge, J. K. (2001). Practical theory as mapping, engaged reflection, and transformative practice. Communication Theory, 11(1), 5–13. https://doi.org/10.1111/j.1468-2885.2001.tb00230.x
A32: =A29+1 -> 44250 | B32: 44256 | D32: Communication Theory | E32: What is Communication Theory? | G32: Miller, K. (2004). Philosophical Foundations: What is Theory? In Communication Theories: Perspectives, Processes, and Contexts. McGraw-Hill.
A33: =A30+1 -> 44250 | B33: 44257 | D33: Communication Theory | E33: What is Communication Theory? | G33: Russill, C. (2005). The Road Not Taken: William James’s Radical Empiricism and Communication Theory. The Communication Review, 8(3), 277–305. https://doi.org/10.1080/10714420500240474
A34: =A31+1 -> 44251 | B34: 44257 | D34: Communication Theory | E34: What is Communication Theory? | G34: Craig, R. T. (2006). Communication as a practice. In G. J. Shepherd, J. St. John, & T. Striphas (Eds.), Communication as...: Perspectives On Theory (pp. 38–47). SAGE Publications.
A35: =A32+1 -> 44251 | B35: 44258 | D35: Communication Theory | E35: What is Communication Theory? | G35: Craig, R. T. (2009). Metatheory. In Encyclopedia of Communication Theory. SAGE.
A36: =A33+1 -> 44251 | B36: 44258 | D36: Communication Theory | E36: What is Communication Theory? | G36: Lindlof, T. R., & Taylor, B. C. (2010). Four Paradigms and (Maybe) a Funeral. In Qualitative Communication Research Methods (3rd ed.). SAGE.
A37: =A34+1 -> 44252 | B37: 44258 | D37: Communication Theory | E37: What is Communication Theory? | G37: Anderson, James A., & Middleton, M. K. (2014). Epistemological Movements in Communication. In P. J. Gehrke & W. M. Keith (Eds.), A Century of Communication Studies: The Unfinished Conversation. Routledge.
A38: =A35+1 -> 44252 | B38: 44258 | D38: Communication Theory | E38: What is Communication Theory? | G38: Craig, R. T. (2015). The Constitutive Metamodel: A 16-Year Review: The Constitutive Metamodel. Communication Theory, 25(4), 356–374. https://doi.org/10.1111/comt.12076
A39: =A36+1 -> 44252 | B39: 44259 | D39: Communication Theory | E39: Subdisciplines and Perspectives | F39: Communication Technology and Society | G39: Winner, L. (1980). Do Artifacts Have Politics? Daedalus, 109(1), 121–136.
A40: =A37+1 -> 44253 | B40: 44266 | D40: Communication Theory | E40: Subdisciplines and Perspectives | F40: Communication Technology and Society | G40: Woolgar, S., & Cooper, G. (1999). Do Artefacts Have Ambivalence? Moses’ Bridges, Winner’s Bridges and Other Urban Legends in S&TS. Social Studies of Science, 29(3), 433–449.
A41: 44266 | B41: 44270 | D41: Communication Theory | E41: Subdisciplines and Perspectives | F41: Communication Technology and Society | G41: Pinch, T. J., & Bijker, W. E. (1984). The Social Construction of Facts and Artefacts: Or How the Sociology of Science and the Sociology of Technology might Benefit Each Other. Social Studies of Science, 14(3), 399–441. https://doi.org/10.1177/030631284014003004
A42: 44266 | B42: 44270 | D42: Communication Theory | E42: Subdisciplines and Perspectives | F42: Communication Technology and Society | G42: Rafaeli, S. (1988). Interactivity: From new media to communication. In Sage Annual Review of Communication Research: Advancing Communication Science.
A43: 44267 | B43: 44271 | D43: Communication Theory | E43: Subdisciplines and Perspectives | F43: Communication Technology and Society | G43: Fischer, C. S. (1994). America Calling. University of California Press.
A44: 44268 | B44: 44271 | D44: Communication Theory | E44: Subdisciplines and Perspectives | F44: Communication Technology and Society | G44: McOmber, J. B. (1999). Technological Autonomy and Three Definitions of Technology. Journal of Communication, 49(3), 137–153. https://doi.org/10.1111/j.1460-2466.1999.tb02809.x
A45: 44268 | B45: 44271 | D45: Communication Theory | E45: Subdisciplines and Perspectives | F45: Communication Technology and Society | G45: Nass, C., & Moon, Y. (2000). Machines and Mindlessness: Social Responses to Computers. Journal of Social Issues, 56(1), 81–103. https://doi.org/10.1111/0022-4537.00153
A46: 44268 | B46: 44271 | D46: Communication Theory | E46: Subdisciplines and Perspectives | F46: Communication Technology and Society | G46: Humphreys, L. (2010). Technological Determinism. In S. Priest (Ed.), Encyclopedia of Science and Technology Communication. SAGE.
A47: 44268 | B47: 44271 | D47: Communication Theory | E47: Subdisciplines and Perspectives | F47: Communication Technology and Society | G47: Landwehr, M., Borning, A., & Wulf, V. (2019). The High Cost of Free Services: Problems with Surveillance Capitalism and Possible Alternatives for IT Infrastructure. Proceedings of the Fifth Workshop on Computing within Limits, 1–10. https://doi.org/10.1145/3338103.3338106
A48: =A43+1 -> 44268 | B48: 44272 | D48: Communication Theory | E48: Subdisciplines and Perspectives | F48: Computer-Mediated Communication | G48: Walther, J. B. (1996). Computer-mediated communication impersonal, interpersonal, and hyperpersonal interaction. Communication Research, 23(1), 3–43.
A49: =A43+1 -> 44268 | B49: 44272 | D49: Communication Theory | E49: Subdisciplines and Perspectives | F49: Computer-Mediated Communication | G49: Marwick, A., & boyd, danah. (2010). I Tweet Honestly, I Tweet Passionately: Twitter Users, Context Collapse, and the Imagined Audience. New Media & Society. https://www.researchgate.net/publication/235616529_I_Tweet_Honestly_I_Tweet_Passionately_Twitter_Users_Context_Collapse_and_the_Imagined_Audience
A50: 44269 | B50: 44272 | D50: Communication Theory | E50: Subdisciplines and Perspectives | F50: Computer-Mediated Communication | G50: Walther, J. B. (2011). Theories of computer-mediated communication and interpersonal relations. In M. L. Knapp & J. A. Daly (Eds.), The SAGE handbook of interpersonal communication (pp. 443–480). Sage.
A51: 44269 | B51: 44272 | D51: Communication Theory | E51: Subdisciplines and Perspectives | F51: Computer-Mediated Communication | G51: Parks, M. R. (2011). Boundary Conditions for the Application of Three Theories of Computer-Mediated Communication to MySpace. Journal of Communication, 61(4), 557–574. https://doi.org/10.1111/j.1460-2466.2011.01569.x
A52: 44269 | B52: 44272 | D52: Communication Theory | E52: Subdisciplines and Perspectives | F52: Computer-Mediated Communication | G52: Baym, N. K., & boyd, danah. (2012). Socially Mediated Publicness: An Introduction. Journal of Broadcasting & Electronic Media, 56(3), 320–329. https://doi.org/10.1080/08838151.2012.705200
A53: =A48+1 -> 44269 | B53: 44272 | D53: Communication Theory | E53: Subdisciplines and Perspectives | F53: Communication Technology and Society | G53: Treem, J. W., & Leonardi, P. M. (2013). Social Media Use in Organizations: Exploring the Affordances of Visibility, Editability, Persistence, and Association. Annals of the International Communication Association, 36(1), 143–189. https://doi.org/10.1080/23808985.2013.11679130
A54: =A49+1 -> 44269 | B54: 44272 | D54: Communication Theory | E54: Subdisciplines and Perspectives | F54: Computer-Mediated Communication | G54: Walther, J. B., Van Der Heide, B., Ramirez, Jr., A., Burgoon, J. K., & Pena, J. (2015). Interpersonal and Hyperpersonal Dimensions of Computer-Mediated Communication. In S. S. Sundar (Ed.), The Handbook of the Psychology of Communication Technology. John Wiley & Sons.
A55: =A49+1 -> 44269 | B55: 44272 | D55: Communication Theory | E55: Subdisciplines and Perspectives | F55: Computer-Mediated Communication | G55: Triggs, A. H., Møller, K., & Neumayer, C. (2019). Context collapse and anonymity among queer Reddit users. New Media & Society, 146144481989035. https://doi.org/10.1177/1461444819890353
A56: =A50+1 -> 44270 | B56: 44272 | D56: Communication Theory | E56: Subdisciplines and Perspectives | F56: Computer-Mediated Communication | G56: Bowman, N. D., & Clark-Gordon, C. V. (2019). Measurement in Computer-Mediated Communication. In E. E. Graham & J. P. Mazer (Eds.), Communication Research Measures III: A Sourcebook. Routledge.
A57: =A51+1 -> 44270 | B57: 44272 | D57: Communication Theory | E57: Subdisciplines and Perspectives | F57: Computer-Mediated Communication | G57: Carr, C. T. (2020). CMC Is Dead, Long Live CMC!: Situating Computer-Mediated Communication Scholarship Beyond the Digital Age. Journal of Computer-Mediated Communication, 25(1), 9–22. https://doi.org/10.1093/jcmc/zmz018
A58: 44270 | B58: 44273 | D58: Communication Theory | E58: Subdisciplines and Perspectives | F58: Computer-Mediated Communication | G58: Davis, J. L., & Recorded Books, I. (2020). How artifacts afford: The power and politics of everyday things. https://rbdigital.rbdigital.com
A59: 44271 | B59: 44273 | D59: Communication Theory | E59: Subdisciplines and Perspectives | F59: Computer-Mediated Communication | G59: Scott, C. R., & Rains, S. A. (2020). (Dis)connections in anonymous communication theory: Exploring conceptualizations of anonymity in communication research. Annals of the International Communication Association, 44(4), 385–400. https://doi.org/10.1080/23808985.2020.1843367
A60: 44271 | B60: 44273 | D60: Communication Theory | E60: Subdisciplines and Perspectives | F60: Formal/Mathematical | G60: McPhee, R. D., & Poole, M. S. (1981). Mathematical modeling in communication research: An overview. Communication Yearbook, 5(5), 159–191.
A61: =A58+1 -> 44271 | B61: 44273 | D61: Communication Theory | E61: Subdisciplines and Perspectives | F61: Formal/Mathematical | G61: Monge, P. R. (1990). Theoretical and Analytical Issues in Studying Organizational Processes. Organization Science, 1(4), 406–430.
A62: =A56+1 -> 44271 | B62: 44273 | D62: Communication Theory | E62: Subdisciplines and Perspectives | F62: Formal/Mathematical | G62: Holsapple, C. W., Johnson, L. E., & Waldron, V. R. (1996). A Formal Model for the Study of Communication Support Systems. Human Communication Research, 22(3), 422–447. https://doi.org/10.1111/j.1468-2958.1996.tb00374.x
A63: =A57+1 -> 44271 | B63: 44273 | D63: Communication Theory | E63: Subdisciplines and Perspectives | F63: Formal/Mathematical | G63: Adner, R., Polos, L., Ryall, M., & Sorenson, O. (2009). Introduction to Special Forum: The Case for Formal Theory. The Academy of Management Review, 34(2), 201–208.
A64: =A58+1 -> 44271 | B64: 44273 | D64: Communication Theory | E64: Subdisciplines and Perspectives | F64: Interpretivist Perspectives | G64: Goffman, E. (1967). On Face Work. In Interaction Ritual: Essays on Face-to-Face Behavior. Anchor Books.
A65: =A59+1 -> 44272 | B65: 44274 | D65: Communication Theory | E65: Subdisciplines and Perspectives | F65: Interpretivist Perspectives | G65: Geertz, C. (1973). Ch. 1: Thick Description: Toward an Interpretive Theory of Culture. In In The Interpretation of Cultures: Selected Essays. New York: Basic Books.
A66: =A60+1 -> 44272 | B66: 44274 | D66: Communication Theory | E66: Subdisciplines and Perspectives | F66: Interpretivist Perspectives | G66: Miller, K. (2004). Interpretive Perspectives on Theory Development. In Communication Theories: Perspectives, Processes, and Contexts. McGraw-Hill.
A67: =A61+1 -> 44272 | B67: 44274 | D67: Communication Theory | E67: Subdisciplines and Perspectives | F67: Interpretivist Perspectives | G67: Denzin, N. K. (2010). Moments, Mixed Methods, and Paradigm Dialogs. Qualitative Inquiry, 16(6). https://doi.org/10.1177/1077800410364608
A68: =A62+1 -> 44272 | B68: 44274 | D68: Communication Theory | E68: Subdisciplines and Perspectives | F68: Materiality | G68: Innis, H. A. (1951). The Bias of Communication. In The Bias of Communication (pp. 33–60). University of Toronto Press.
A69: =A63+1 -> 44272 | B69: 44274 | D69: Communication Theory | E69: Subdisciplines and Perspectives | F69: Materiality | G69: McLuhan, M. (1964a). Chapter 1. In Understanding Media: The Extensions of Man. Penguin Books.
A70: =A64+1 -> 44272 | B70: 44274 | D70: Communication Theory | E70: Subdisciplines and Perspectives | F70: Materiality | G70: McLuhan, M. (1964b). Introduction. In Understanding Media: The Extensions of Man. Penguin Books.
A71: =A65+1 -> 44273 | B71: 44274 | D71: Communication Theory | E71: Subdisciplines and Perspectives | F71: Materiality | G71: Innis, H. A. (2004). The Press, A Neglected Factor in the Economic History of the Twentieth Century. In Changing Concepts of Time (pp. 73–103). Rowman & Littlefield Publishers.
A72: =A66+1 -> 44273 | B72: 44274 | D72: Communication Theory | E72: Subdisciplines and Perspectives | F72: Materiality | G72: Floyd, K. (2014). Humans are People Too. Review of Communication Research, 2(1).
A73: =A67+1 -> 44273 | B73: 44274 | D73: Communication Theory | E73: Subdisciplines and Perspectives | F73: Materiality | G73: Brown, J. J. (2015). Introduction: The Swarm. In Ethical Programs: Hospitality and the Rhetorics of Software. University of Michigan Press.
... A76: =A70+1 -> 44273 | B76: 44275 | D76: Communication Theory | E76: Subdisciplines and Perspectives | F76: Political Communication | G76: Bennett, W. L., & Pfetsch, B. (2018). Rethinking Political Communication in a Time of Disrupted Public Spheres. Journal of Communication, 68(2), 243–253. https://doi.org/10.1093/joc/jqx017
A77: =A76+1 -> 44274 | B77: 44276 | D77: Communication Theory | E77: Subdisciplines and Perspectives | F77: Political Communication | G77: Parker, C. S., & Towler, C. C. (2019). Race and Authoritarianism in American Politics. Annual Review of Political Science, 22(1), 503–519. https://doi.org/10.1146/annurev-polisci-050317-064519
A78: =A77+1 -> 44275 | B78: 44276 | D78: Communication Theory | E78: Subdisciplines and Perspectives | F78: Political Communication | G78: Bennett, W. L., & Livingston, S. (n.d.). The Disinformation Age: Politics, Technology and Disruptive Communication in the United States. forthcoming.
A79: 44275 | B79: 44277 | D79: Communication Theory | E79: Subdisciplines and Perspectives | F79: Post-Positivist Perspectives | G79: Merton, R. K. (1968). On sociological theory of the middle range. In Social Theory and Social Structure (pp. 4–16).
A80: 44275 | B80: 44277 | D80: Communication Theory | E80: Subdisciplines and Perspectives | F80: Post-Positivist Perspectives | G80: Dillard, J. P. (2004). Editor’s Comment. Human Communication Research, 30(1), 5–7. https://doi.org/10.1111/j.1468-2958.2004.tb00722.x
A81: 44275 | B81: 44277 | D81: Communication Theory | E81: Subdisciplines and Perspectives | F81: Post-Positivist Perspectives | G81: Miller, K. (2004). Post-Positivist Perspectives on Theory Development. In Communication Theories: Perspectives, Processes, and Contexts. McGraw-Hill.
A82: 44276 | B82: 44277 | D82: Communication Theory | E82: Subdisciplines and Perspectives | F82: Post-Positivist Perspectives | G82: McLeod, J., & Pan, Z. (2005). Concept Explication and Theory Construction. In S. Dunwoody, L. B. Becker, D. M. McLeod, & G. M. Kosicki (Eds.), The Evolution of Key Mass Communication Concepts: Honoring Jack M. Mcleod (p. (pp. 13–78).).
A83: 44276 | B83: 44277 | D83: Communication Theory | E83: What is Communication Theory? | G83: Craig, R. T. (2007). Pragmatism in the Field of Communication Theory. Communication Theory, 17(2), 125–145. https://doi.org/10.1111/j.1468-2885.2007.00292.x
A84: =A78+1 -> 44276 | B84: 44277 | D84: Communication Theory | E84: Subdisciplines and Perspectives | F84: Post-Positivist Perspectives | G84: Kramer, A. D. I., Guillory, J. E., & Hancock, J. T. (2014). Experimental evidence of massive-scale emotional contagion through social networks.
A85: 44276 | B85: 44277 | D85: Organizational Communication | E85: Theories of Organizational Communication | G85: Robert D. McPhee, Pamela Zaug, Organizational Theory, Organizational Communication, Organizational Knowledge, and Problematic Integration, Journal of Communication, Volume 51, Issue 3, September 2001, Pages 574–591, https://doi.org/10.1111/j.1460-2466.2001.tb02897.x
A86: =A80+1 -> 44276 | B86: 44277 | D86: Organizational Communication | E86: Theories of Organizational Communication | G86: DeSanctis, G., & Poole, M. S. (1994). Capturing the Complexity in Advanced Technology Use: Adaptive Structuration Theory. Organization Science, 5(2), 121–147. https://doi.org/10.1287/orsc.5.2.121
A87: =A81+1 -> 44276 | B87: 44278 | D87: Organizational Communication | E87: Theories of Organizational Communication | G87: Deetz, S. (1996). Crossroads—Describing Differences in Approaches to Organization Science: Rethinking Burrell and Morgan and Their Legacy. Organization Science, 7(2), 191–207. https://doi.org/10.1287/orsc.7.2.191
A88: 44276 | B88: 44278 | D88: Organizational Communication | E88: Theories of Organizational Communication | G88: Mumby, D. K., & Stohl, C. (1996). Disciplining Organizational Communication Studies. Management Communication Quarterly, 10(1), 50–72. https://doi.org/10.1177/0893318996010001004
A89: =A83+1 -> 44277 | B89: 44278 | D89: Organizational Communication | E89: Theories of Organizational Communication | G89: Wenger, E. (2000). Communities of Practice and Social Learning Systems. Organization, 7(2), 225–246. https://doi.org/10.1177/135050840072002
A90: =A83+1 -> 44277 | B90: 44278 | D90: Organizational Communication | E90: Theories of Organizational Communication | G90: Ganesh, S., Zoller, H., & Cheney, G. (2005). Transforming Resistance, Broadening Our Boundaries: Critical Organizational Communication Meets Globalization from Below. Communication Monographs, 72(2), 169–191. https://doi.org/10.1080/03637750500111872
A91: =A83+1 -> 44277 | B91: 44279 | D91: Organizational Communication | E91: Theories of Organizational Communication | G91: Ashcraft, K. L., Kuhn, T. R., & Cooren, F. (2009). 1 Constitutional Amendments: “Materializing” Organizational Communication. Academy of Management Annals, 3(1), 1–64. https://doi.org/10.5465/19416520903047186
A92: =A84+1 -> 44277 | B92: 44279 | D92: Organizational Communication | E92: Theories of Organizational Communication | G92: Putnam, L. L., & Mumby, D. K. (2014). Introduction: Advancing theory and research in organizational communication. In The handbook of organizational communication (pp. 1–18). SAGE.
A93: =A85+1 -> 44277 | B93: 44279 | D93: Organizational Communication | E93: Theories of Organizational Communication | G93: Schoeneborn, D., & Vasquez, C. (2017). Communicative constitution of organizations. In C. R. Scott, J. R. Barker, T. Kuhn, J. Keyton, P. K. Turner, & L. K. Lewis (Eds.), The International Encyclopedia of Organizational Communication (1st ed.). Wiley. https://doi.org/10.1002/9781118955567
A94: =A86+1 -> 44277 | B94: 44279 | D94: Organizational Communication | E94: Activity Theory | G94: Engeström, Y. (1999). Communication, discourse and activity. Communication Review, 3(1).
A95: =A87+1 -> 44277 | B95: 44280 | D95: Organizational Communication | E95: Activity Theory | G95: Engestrom, Y. (1999). Innovative learning in work teams: Analyzing cycles of knowledge creation in practice. In R. Miettinen, R. L. Punamaki, & Y. Engestrom (Eds.), Perspectives on Activity Theory. Cambridge University Press.
A96: =A89+1 -> 44278 | B96: 44280 | D96: Organizational Communication | E96: Activity Theory | G96: Kaptelinin, V., & Nardi, B. A. (2006). Artifacts, agency, and (a) symmetry. In Acting with technology: Activity theory and interaction design (pp. 237–252). MIT Press.
A97: =A90+1 -> 44278 | B97: 44280 | D97: Organizational Communication | E97: Activity Theory | G97: Engeström, Yrjö, & Kerosuo, H. (2007). From workplace learning to inter‐organizational learning and back: The contribution of activity theory. Journal of Workplace Learning, 19(6), 336–342. https://doi.org/10.1108/13665620710777084
A98: =A91+1 -> 44278 | B98: 44281 | D98: Organizational Communication | E98: Activity Theory | G98: Foot, K., & Groleau, C. (2011). Contradictions, transitions, and materiality in organizing processes: An activity theory perspective. First Monday.
A99: =A92+1 -> 44278 | B99: 44281 | D99: Organizational Communication | E99: Activity Theory | G99: Foot, K. A. (2014). Cultural-Historical Activity Theory: Exploring a Theory to Inform Practice and Research. Journal of Human Behavior in the Social Environment, 24(3), 329–347. https://doi.org/10.1080/10911359.2013.831011
A100: 44278 | B100: 44281 | D100: Organizational Communication | E100: Actor-Network Theory | G100: Engestrom, Yrjo, Y., Escalante, V., & Nardi, B. A. (1996). Mundane tool or object of affection?: The rise and fall of the Postal Buddy. In Context and Consciousness: Activity Theory and Human-Computer Interaction (pp. 325–373). MIT Press.
A101: =A99+1 -> 44279 | B101: 44281 | D101: Organizational Communication | E101: Actor-Network Theory | G101: B. Latour and S. Woolgar. 1986. Laboratory Life: the Construction of Scientific Facts. Princeton University Press
A102: =A101+1 -> 44280 | B102: 44282 | D102: Organizational Communication | E102: Actor-Network Theory | G102: Latour, B. (1991). Technology is society made durable. In J. Law (Ed.), A Sociology of Monsters: Essays on Power, Technology & Domination (pp. 103–131). Routledge.
...

Sheet Sheet2
A1: Removed
A2: =Sheet1!A54+1 -> 44270 | D2: Communication Theory | E2: Subdisciplines and Perspectives | F2: Critical-Cultural Perspectives | G2: Hall, S. (1990). Cultural Identity and Diaspora. In J. Rutherford (Ed.), Identity: Community, Culture, Difference. Lawrence & Wishart.
A3: =Sheet1!A55+1 -> 44270 | D3: Communication Theory | E3: Subdisciplines and Perspectives | F3: Critical-Cultural Perspectives | G3: Hall, S. (1997). The work of representation. In Cultural Representations and Signifying Practices (pp. 13–67). SAGE.
A4: =Sheet1!A56+1 -> 44271 | D4: Communication Theory | E4: Subdisciplines and Perspectives | F4: Critical-Cultural Perspectives | G4: During, S. (1999). Introduction. In The Cultural Studies Reader (3rd ed.). Routledge.
A5: =Sheet1!A57+1 -> 44271 | D5: Communication Theory | E5: Subdisciplines and Perspectives | F5: Critical-Cultural Perspectives | G5: Dow, B. J., & Condit, C. M. (2005). The State of the Art in Feminist Scholarship in Communication. Journal of Communication, 55(3), 448–478. https://doi.org/10.1111/j.1460-2466.2005.tb02681.x
A6: =Sheet1!A58+1 -> 44271 | D6: Communication Theory | E6: Subdisciplines and Perspectives | F6: Critical-Cultural Perspectives | G6: Hesmondhalgh, D. (2007). Chapter 1. In Cultural Industries (pp. 29–50). SAGE.
A7: =Sheet2!A2+1 -> 44271 | D7: Communication Theory | E7: Subdisciplines and Perspectives | F7: Critical-Cultural Perspectives | G7: Darling-Wolf, F. (2009). Gender and Media. In S. W. Littlejohn & K. A. Foss (Eds.), Encyclopedia of Communication Theory (pp. 438–441). SAGE.
A8: =Sheet2!A3+1 -> 44271 | D8: Communication Theory | E8: Subdisciplines and Perspectives | F8: Critical-Cultural Perspectives | G8: Griffin, C. L. (2009). Feminist Communication Theories. In S. W. Littlejohn & K. A. Foss (Eds.), Encyclopedia of Communication Theory. SAGE.
A9: =Sheet2!A4+1 -> 44272 | D9: Communication Theory | E9: Subdisciplines and Perspectives | F9: Critical-Cultural Perspectives | G9: Bronner, S. E. (2011a). 1. The Frankfurt School. In Critical Theory: A Very Short Introduction. Oxford University Press.
A10: =Sheet2!A5+1 -> 44272 | D10: Communication Theory | E10: Subdisciplines and Perspectives | F10: Critical-Cultural Perspectives | G10: Bronner, S. E. (2011b). Introduction: What is critical theory? In Critical Theory: A Very Short Introduction. Oxford University Press.
A11: =Sheet2!A6+1 -> 44272 | D11: Communication Theory | E11: Subdisciplines and Perspectives | F11: Critical-Cultural Perspectives | G11: Nakamura, L., & Chow-White, P. (Eds.). (2012). Introduction. In Race After the Internet. Routledge.
A12: =Sheet2!A7+1 -> 44272 | D12: Communication Theory | E12: Subdisciplines and Perspectives | F12: Critical-Cultural Perspectives | G12: Joseph, R. (2017). What’s the Difference with “Difference.” International Journal of Communication, 11, 3306–3326.
A13: =Sheet2!A8+1 -> 44272 | D13: Communication Theory | E13: Subdisciplines and Perspectives | F13: Engaged Scholarship | G13: Cancian, F. M. (1993). Conflicts between activist research and academic success: Participatory research and alternative strategies. The American Sociologist, 24(1), 92–106. https://doi.org/10.1007/BF02691947
A14: =Sheet2!A9+1 -> 44273 | D14: Communication Theory | E14: Subdisciplines and Perspectives | F14: Engaged Scholarship | G14: Nygreen, K. (2006). Reproducing or Challenging Power in the Questions We Ask and the Methods We Use. The Urban Review, 38(1), 1–26.
A15: =Sheet2!A10+1 -> 44273 | D15: Communication Theory | E15: Subdisciplines and Perspectives | F15: Engaged Scholarship | G15: Kahl, D. H., Jr. (2010). Making a difference: (Re) connecting communication scholarship with pedagogy. Journal of Applied Communication Research, 38(3), 298–302.
A16: =Sheet2!A11+1 -> 44273 | D16: Communication Theory | E16: Subdisciplines and Perspectives | F16: Engaged Scholarship | G16: Villanueva, G., Broad, G. M., Gonzalez, C., Ball-Rokeach, S., & Murphy, S. T. (2016). Communication Asset Mapping: An ecological field application toward building health communities. International Journal of Communication, 10, 2704–2724.
A17: =Sheet2!A16+1 -> 44274 | D17: Communication Theory | E17: Subdisciplines and Perspectives | F17: Global Comm | G17: Crofts Wiley, S. B. (2004). Rethinking Nationality in the Context of Globalization. Communication Theory, 14(1), 78–96.
A18: =Sheet1!A59+1 -> 44272 | D18: Communication Theory | E18: Subdisciplines and Perspectives | F18: Global Comm | G18: Alleyne, M. D. (2009). International Communication Theories. In S. W. Littlejohn & K. A. Foss (Eds.), Encyclopedia of Communication Theory (pp. 537–541). SAGE.
A19: =Sheet1!A60+1 -> 44272 | D19: Communication Theory | E19: Subdisciplines and Perspectives | F19: Global Comm | G19: Saint-Jacques, B. (2011). Intercultural Communication in a Globalized World. In L. A. Samovar, R. E. Porter, & E. R. McDaniel (Eds.), Intercultural Communication: A Reader (13th ed.). Cengage Learning.
A20: =Sheet1!A61+1 -> 44272 | D20: Communication Theory | E20: Subdisciplines and Perspectives | F20: Interpersonal Comm | G20: Berger, C. R. (2005). Interpersonal Communication: Theoretical Perspectives, Future Prospects. Journal of Communication, 55(3), 415–447.
A21: =Sheet1!A62+1 -> 44272 | D21: Communication Theory | E21: Subdisciplines and Perspectives | F21: Interpersonal Comm | G21: Berger, C. R. (2008). Interpersonal Communication. In W. Donsbach (Ed.), The International Encyclopedia of Communication. Wiley-Blackwell.
A22: =Sheet2!A17+1 -> 44275 | D22: Communication Theory | E22: Subdisciplines and Perspectives | F22: Interpersonal Comm | G22: McDermott, V. (2009). Interpersonal Communication Theories. In S. W. Littlejohn & K. A. Foss (Eds.), Encyclopedia of Communication Theory. SAGE.
A23: =Sheet1!A79+1 -> 44276 | D23: Communication Theory | E23: Subdisciplines and Perspectives | F23: Rhetorical Perspectives | G23: McKerrow, R. (1989). Critical Rhetoric: Theory and Praxis. Communication Monographs, 56, 91–111.
A24: =Sheet1!A80+1 -> 44276 | D24: Communication Theory | E24: Subdisciplines and Perspectives | F24: Rhetorical Perspectives | G24: Jasinski, J. (2001). The status of theory and method in rhetorical criticism. Western Journal of Communication, 65(3), 249–270.
A25: =Sheet1!A81+1 -> 44276 | D25: Communication Theory | E25: Subdisciplines and Perspectives | F25: Rhetorical Perspectives | G25: Porrovecchio, M., & Condit, C. (2016). Introduction. In Contemporary Rhetorical Theory: A Reader.
A26: =Sheet1!A82+1 -> 44277 | D26: Communication Theory | E26: Subdisciplines and Perspectives | F26: Rhetorical Perspectives | G26: King, K. R. (2017). Three waves of gay male athlete coming out narratives. Quarterly Journal of Speech, 103(4), 372–394. https://doi.org/10.1080/00335630.2017.1360509
A29: =Sheet1!A135+1 -> 44288 | D29: Organizational Communication | E29: Sociomateriality in Organizations | G29: Burrell, J. (2012). The Materiality of Rumor. In P. M. Leonardi, B. A. Nardi, & J. Kallinikos (Eds.), Materiality and Organizing (pp. 315–331). Oxford University Press. https://doi.org/10.1093/acprof:oso/9780199664054.003.0016
A30: =Sheet1!A136+1 -> 44288 | D30: Organizational Communication | E30: Sociomateriality in Organizations | G30: Cooren, F., Fairhurst, G., & Huët, R. (2012). Why Matter Always Matters in (Organizational) Communication. In P. M. Leonardi, B. A. Nardi, & J. Kallinikos (Eds.), Materiality and Organizing (pp. 296–314). Oxford University Press. https://doi.org/10.1093/acprof:oso/9780199664054.003.0015
